 Dungeon Crawl Stone Soup version 0.31.0-11-ge490571c62 (webtiles) character file.

Game seed: 14249421474714803743

723 qw the Nimble (level 7, -2/35 HPs)
             Began as a Spriggan Hunter on Feb 3, 2024.
             Succumbed to a killer bee's poison
             ... on level 5 of the Dungeon.
             The game lasted 00:00:17 (3871 turns).

qw the Nimble (Spriggan Hunter)                     Turns: 3871, Time: 00:00:18

Health: -2/35      AC:  2    Str:  7    XL:     7   Next: 43%
Magic:  8/8        EV: 26    Int: 10    God:
Gold:   270        SH:  0    Dex: 27    Spells: 6/6 levels left

rFire   . . .        a - +1 shortbow
rCold   . . .        (shield currently unavailable)
rNeg    . . .        c - +0 robe
rPois   .            (helmet restricted)
rElec   .            (no cloak)
rCorr   .            (gloves unavailable)
SInv    +            (boots unavailable)
Will    +....        (no amulet)
Stlth   +++          j - +6 ring of dexterity
HPRegen 0.25/turn    (no ring)
MPRegen 0.11/turn

%: no passive effects
@: lethally poisoned (-2 -> -10), very quick
A: very small, no large weapons, unfitting armour, see invisible, speed 3
a: no special abilities


You were on level 5 of the Dungeon.
You visited 1 branch of the dungeon, and saw 5 of its levels.

You collected 270 gold pieces.


Innate Abilities, Weirdness & Mutations

You are very small and have problems with some larger weapons.
You are too small for most types of armour.
You have supernaturally acute eyesight. (SInv)
You cover ground extremely quickly. (Speed+++)


   Skills:
 - Level 2.1 Fighting
 + Level 6.9 Ranged Weapons
 - Level 8.0 Dodging
 - Level 1.5 Stealth


You had 6 spell levels left.
You didn't know any spells.
Your spell library was empty.

Inventory:

Hand Weapons
 a - a +1 shortbow (weapon)
Armour
 c - a +0 robe (worn)
Jewellery
 j - a +6 ring of dexterity (left hand)
Wands
 b - a wand of polymorph (8)
Potions
 d - a potion of ambrosia {unknown}
 e - 2 potions of magic {unknown}
 f - a potion of mutation {unknown}
 g - a potion of degeneration {unknown}
 h - a potion of heal wounds {unknown}
 i - a potion of enlightenment {unknown}
 m - 2 potions of might

Dungeon Overview and Level Annotations

Branches:
Dungeon (5/15)
 Temple: D:4-7

Altars:
Cheibriados
Kikubaaqudgha
Ru
Sif Muna
Yredelemnul


Message History

The killer bee completely misses you. x2
The orc wizard casts a spell.
The orc wizard flickers and vanishes for a moment.
You shoot an arrow. The arrow hits the killer bee!
You kill the killer bee!
The killer bee completely misses you.
An orc comes into view. It is wielding a +0 whip.
You shoot an arrow.
The arrow closely misses the killer bee.
The arrow misses the killer bee.
The killer bee completely misses you. The killer bee stings you.
The killer bee completely misses you.
You shoot an arrow. The arrow barely misses the killer bee.
The arrow hits the killer bee.
The killer bee is severely wounded.
The killer bee misses you. The killer bee barely misses you.
The killer bee closely misses you.
You shoot an arrow. The arrow hits the killer bee.
The killer bee is lightly wounded.
The killer bee completely misses you. x3; The killer bee stings you.
You shoot an arrow. The arrow hits the killer bee!
The killer bee is heavily wounded.
The killer bee completely misses you. x2; The killer bee misses you. x2
You shoot an arrow.
The arrow closely misses the killer bee.
The killer bee barely misses you. The killer bee completely misses you.
The killer bee closely misses you. The killer bee completely misses you.
You shoot an arrow. The arrow misses the killer bee.
The killer bee completely misses you. The killer bee stings you!
The killer bee misses you. The killer bee completely misses you.
You shoot an arrow.
The arrow closely misses the killer bee.
The killer bee closely misses you. The killer bee misses you.
The killer bee completely misses you. The killer bee stings you!
You are lethally poisoned!
The killer bee poisons you! The killer bee completely misses you.
The killer bee misses you.
You shoot an arrow.
The arrow closely misses the killer bee.
You die...

.##.########.# #.....###
[##.#......#'#### #..#.#....
)##.............####.........
................+...........>
................####.#.##....
.##...####+#'#.......#.......
.##...####.#.#.#############+
.##........#.#.#.y......
.##.#.###....#.#@#
'##.#......#.#o#y###
....######.#...oyyW#
...........#.#.#.#o.y#
...#####...#.#.#.###.# ...#
#.###.#.#.# # ..######.#
#.#.#.# ..'......# #.#.#..
..######## ###


You could see 4 killer bees, an orc wizard and an orc.

Vanquished Creatures
  Sigmund (D:2)
  A bullfrog (D:4)
  A scorpion (D:5)
  A killer bee (D:5)
  A hound (D:4)
  2 orc priests (D:4)
  A sleepcap (D:4)
  Terence (D:2)
  2 orc wizards
  5 adders
  4 ribbon worms
  5 dart slugs
  13 orcs
  8 endoplasms
  9 giant cockroaches
  11 hobgoblins
  9 jackals
  15 kobolds
  3 quokkas
  8 ball pythons
  6 bats
  4 frilled lizards
  5 goblins
  5 rats
121 creatures vanquished.

Notes
Turn   | Place    | Note
-------+----------+-------------------------------------------
     0 | D:1      | qw the Spriggan Hunter began the quest for the Orb.
     0 | D:1      | Reached XP level 1. HP: 10/10 MP: 2/2
     0 | D:1      | 0 ||| qw: Version: 0.3-a-157-g843a77d
     0 | D:1      | 0 ||| qw: Game counter: 3562
     0 | D:1      | 0 ||| qw: Melee chars always use a shield: true
     0 | D:1      | 0 ||| qw: God list: Okawaru
     0 | D:1      | 0 ||| qw: Allow faded altars: false
     0 | D:1      | 0 ||| qw: Do Orc after clearing Dungeon:15 true
     0 | D:1      | 0 ||| qw: Do second Lair branch before Depths: true
     0 | D:1      | 0 ||| qw: Lair rune preference: random
     0 | D:1      | 0 ||| qw: Goals: Normal
     0 | D:1      | 0 ||| PLANNING D:1-11
    10 | D:1      | Reached skill level 3 in Dodging
    49 | D:1      | Reached XP level 2. HP: 14/14 MP: 3/3
    60 | D:1      | Reached skill level 4 in Dodging
   395 | D:1      | Reached XP level 3. HP: 18/18 MP: 4/4
   904 | D:1      | 904 ||| UPGRADING to +6 ring of dexterity.
   905 | D:1      | 905 ||| READING scroll labelled VUTHUV HUEDIT.
   905 | D:1      | 905 ||| ENCHANTING +0 shortbow.
   906 | D:1      | 906 ||| READING scroll labelled RIAH XEANEOWIX.
  1007 | D:1      | 1007 ||| READING scroll labelled QEBBUELOUF.
  1008 | D:1      | 1008 ||| DRINKING 2 lumpy golden potions.
  1042 | D:1      | 1042 ||| DROPPING scroll of butterflies.
  1043 | D:1      | 1043 ||| DROPPING potion of lignification.
  1318 | D:2      | Noticed Sigmund
  1327 | D:2      | Killed Sigmund
  1328 | D:2      | Reached skill level 7 in Dodging
  1328 | D:2      | Reached XP level 4. HP: 22/22 MP: 5/5
  1328 | D:2      | Reached XP level 5. HP: 25/25 MP: 6/6
  1919 | D:2      | Noticed Terence
  1934 | D:2      | Killed Terence
  1935 | D:2      | Reached XP level 6. HP: 12/30 MP: 7/7
  2151 | D:2      | 2151 ||| READING scroll labelled FOPLEV LAERRO.
  2151 | D:2      | 2151 ||| IDENTIFYING grey potion
  2152 | D:2      | 2152 ||| READING scroll labelled LIUNUF AF BYE.
  2157 | D:2      | 2157 ||| READING scroll labelled LYSHRA LECZUHO.
  2158 | D:2      | 2158 ||| READING scroll labelled SEREGR JAILAKH.
  2159 | D:2      | 2159 ||| READING 2 scrolls labelled CYAXUJ KUSAAN.
  2160 | D:2      | 2160 ||| DROPPING potion of invisibility.
  2161 | D:2      | 2161 ||| DROPPING scroll of revelation.
  2402 | D:3      | 2402 ||| FLEEEEING.
  2421 | D:3      | 2421 ||| FLEEEEING.
  2528 | D:3      | Found a sacrificial altar of Ru.
  2579 | D:3      | Found a basalt altar of Yredelemnul.
  2662 | D:3      | Found a shimmering blue altar of Sif Muna.
  2790 | D:3      | 2790 ||| READING scroll labelled QAITOPS DULESO.
  2790 | D:3      | 2790 ||| ENCHANTING +1 shortbow.
  2808 | D:4      | 2808 ||| STAIRDANCE
  2861 | D:4      | 2861 ||| STAIRDANCE
  3020 | D:4      | HP: 3/30 [orc priest/+0 flail (11)]
  3021 | D:4      | 3021 ||| READING scroll of teleportation.
  3158 | D:4      | Reached skill level 6 in Ranged Weapons
  3167 | D:4      | Reached XP level 7. HP: 34/35 MP: 8/8
  3177 | D:4      | Reached skill level 8 in Dodging
  3461 | D:4      | Found a snail-covered altar of Cheibriados.
  3543 | D:4      | 3543 ||| READING scroll labelled CAPLUNAOKK.
  3544 | D:4      | 3544 ||| READING scroll labelled UGE ANLANO.
  3545 | D:4      | 3545 ||| DRINKING 2 yellow potions.
  3546 | D:4      | 3546 ||| DRINKING 2 murky inky potions.
  3547 | D:4      | 3547 ||| DROPPING potion of attraction.
  3555 | D:5      | Entered Level 5 of the Dungeon
  3748 | D:5      | Found an ancient bone altar of Kikubaaqudgha.
  3854 | D:5      | 3854 ||| RETREEEEATING.
  3855 | D:5      | 3855 ||| RETREEEEATING.
  3856 | D:5      | 3856 ||| RETREEEEATING.
  3870 | D:5      | HP: 1/35 [killer bee (8)]
  3871 | D:5      | Succumbed to a killer bee's poison

Levels and vault maps discovered:
D:1:      dpeg_arrival_prison, layout_loops_corners, minmay_tromino_v4_b
D:2:      kennysheep_big_flooded_room, layout_loops_corners,
          minmay_misc_feat_enclosed, uniq_sigmund, uniq_terence
D:3:      layout_basic, lemuel_blue_sif_altar, nicolae_ru_awakened_eye,
          mainiacjoe_overflow_brackets
D:4:      layout_basic, lemuel_round_altar
D:5:      layout_basic, mainiacjoe_overflow_alcove_4,
          mainiacjoe_overflow_tiny_flanked

Skill      XL: |  1  2  3  4  5  6  7 |
---------------+----------------------+-----
Dodging        | 3 4 7 8 |  8.0
Ranged Weapons | 5 6 |  6.9
Fighting       | 2 |  2.1
Stealth        | |  1.5

Action                     |  1- 3 |  4- 6 |  7- 9 || total
---------------------------+-------+-------+-------++-------
   Fire: Shortbow          |   104 |   199 |    79 ||   382
    Use: Scroll            |     3 |     7 |     2 ||    12
         Potion            |     1 |       |     2 ||     3
 Armour: Robe              |    12 |    24 |    12 ||    48
  Dodge: Dodged            |    37 |    80 |    69 ||   186

Table legend:
 A = Non-vault XP
 B = Vault XP
 C = Vault XP percentage of total XP
 D = Non-vault monster count
 E = Vault monster count
 F = Vault count percentage of total count
                 A         B        C        D         E       F
            +---------+---------+-------+---------+---------+-------
      Total |     741 |     293 |  28.3 |     110 |      11 |   9.1
            +---------+---------+-------+---------+---------+-------
        D:1 |      44 |      11 |  20.0 |      27 |       7 |  20.6
        D:2 |      55 |     282 |  83.7 |      17 |       4 |  19.0
        D:3 |     124 |       0 |   0.0 |      36 |       0 |   0.0
        D:4 |     362 |       0 |   0.0 |      27 |       0 |   0.0
        D:5 |     156 |       0 |   0.0 |       3 |       0 |   0.0
            +---------+---------+-------+---------+---------+-------
